 Dungeon Crawl Stone Soup version 0.31.0-9-g3a7656b989 (webtiles) character file.

Game seed: 7799073022401606247

423 qw the Skirmisher (level 6, -6/37 HPs)
             Began as a Deep Elf Hunter on Feb 2, 2024.
             Mangled by a gnoll
             ... wielding a +0 halberd
              (8 damage)
             ... on level 5 of the Dungeon.
             The game lasted 00:00:10 (2496 turns).

qw the Skirmisher (Deep Elf Hunter)                 Turns: 2496, Time: 00:00:11

Health: -6/37      AC:  7    Str: 10    XL:     6   Next: 63%
Magic:  8/8        EV: 11    Int: 14    God:
Gold:   337        SH:  0    Dex: 18    Spells: 5/5 levels left

rFire   . . .        a - +1 shortbow (heavy)
rCold   . . .        (shield currently unavailable)
rNeg    . . .        d - +0 ring mail
rPois   .            m - +1 helmet
rElec   .            (no cloak)
rCorr   .            (no gloves)
SInv    .            (no boots)
Will    .....        (no amulet)
Stlth   +            (no ring)
HPRegen 0.26/turn    (no ring)
MPRegen 0.11/turn

%: no passive effects
@: about to teleport
A: no striking features
a: no special abilities


You were on level 5 of the Dungeon.
You visited 1 branch of the dungeon, and saw 5 of its levels.

You collected 337 gold pieces.


   Skills:
 - Level 3.0 Fighting
 + Level 9.7 Ranged Weapons
 - Level 2.4 Dodging
 - Level 1.2 Stealth


You had 5 spell levels left.
You didn't know any spells.
Your spell library was empty.

Inventory:

Hand Weapons
 a - a +1 heavy shortbow (weapon)
Armour
 d - a +0 ring mail (worn)
 m - a +1 helmet (worn)
Wands
 c - a wand of light (7)
Scrolls
 k - a scroll of brand weapon
Potions
 e - a potion of mutation
 f - 3 potions of heal wounds
 g - a potion of curing {unknown}
 i - a potion of cancellation {unknown}
 j - a potion of resistance {unknown}

Dungeon Overview and Level Annotations

Branches:
Dungeon (5/15)
 Temple: D:4-7

Altars:

Shops:
D:2 [


Message History

Found a stone staircase leading down.
The black bear growls angrily.
The gnoll shouts!
You hear a shout!
A gnoll comes into view. It is wielding a +0 spear.
2487 ||| RETREEEEATING. 2 gnolls come into view.
The gnoll shouts!
2489 ||| RETREEEEATING.
You shoot an arrow. The arrow hits the black bear!
The black bear is heavily wounded.
The black bear barely misses you.
The black bear claws you but does no damage. x2
You shoot an arrow. The arrow hits the black bear!!
You kill the black bear!
The gnoll hits you from afar with a +0 halberd! x2
You shoot an arrow. The arrow hits the gnoll.
The gnoll is heavily wounded.
You hear a shout!
The gnoll hits you from afar with a +0 halberd.
You shoot an arrow. The arrow hits the gnoll!
You kill the gnoll!
You hear a shout!
The gnoll hits you but does no damage.
You shoot an arrow. The arrow closely misses the gnoll.
The arrow completely misses the gnoll.
The gnoll hits you from afar with a +0 spear.
The gnoll hits you with a +0 whip.
The gnoll hits you from afar with a +0 halberd.
You shoot an arrow. The arrow closely misses the gnoll.
The arrow hits the gnoll!
The gnoll is severely wounded.
The gnoll hits you from afar with a +0 spear.
The gnoll hits you from afar with a +0 halberd.
The gnoll hits you but does no damage. x2; The gnoll misses you.
The gnoll closely misses you.
2496 ||| READING scroll of teleportation.
As you read the scroll of teleportation, it crumbles to dust.
You feel strangely unstable.
The gnoll hits you from afar with a +0 spear.
The gnoll hits you from afar with a +0 halberd!
You die...

.> ...# gg ..># g# ...#
.# . ...# #.# .####..
...###### #.# .......
.......[###.######g.....#
.....|..........@gg.....#
...)......#.#..####.....#
...[.###.##.#..# ....#
...#.###.##.#..# ####
.........##.#..#
..%#.###.......#
......##.......#
##.##.##..#.##.# #.#
.##..#......


You could see 3 gnolls.

Vanquished Creatures
  A water moccasin (D:5)
  A black bear (D:5)
  A scorpion (D:4)
  A gnoll (D:5)
  7 adders
  A shadow imp (D:3)
  2 dart slugs (D:1)
  2 ribbon worms (D:2)
  An orc (D:3)
  9 endoplasms
  A giant cockroach (D:3)
  8 goblins
  6 hobgoblins
  A jackal (D:1)
  3 kobolds
  5 quokkas
  9 ball pythons
  6 bats
  2 frilled lizards
  8 rats (D:1)
75 creatures vanquished.

Notes
Turn   | Place    | Note
-------+----------+-------------------------------------------
     0 | D:1      | qw the Deep Elf Hunter began the quest for the Orb.
     0 | D:1      | Reached XP level 1. HP: 12/12 MP: 3/3
     0 | D:1      | 0 ||| qw: Version: 0.3-a-155-g5e7d8dd
     0 | D:1      | 0 ||| qw: Game counter: 1121
     0 | D:1      | 0 ||| qw: Melee chars always use a shield: true
     0 | D:1      | 0 ||| qw: God list: Okawaru
     0 | D:1      | 0 ||| qw: Allow faded altars: false
     0 | D:1      | 0 ||| qw: Do Orc after clearing Dungeon:15 true
     0 | D:1      | 0 ||| qw: Do second Lair branch before Depths: true
     0 | D:1      | 0 ||| qw: Lair rune preference: random
     0 | D:1      | 0 ||| qw: Goals: Normal
     0 | D:1      | 0 ||| PLANNING D:1-11
    51 | D:1      | Reached XP level 2. HP: 16/16 MP: 4/4
    83 | D:1      | Reached skill level 6 in Ranged Weapons
   278 | D:1      | Reached XP level 3. HP: 20/20 MP: 5/5
   592 | D:1      | Reached skill level 7 in Ranged Weapons
   637 | D:1      | 637 ||| UPGRADING to +0 ring mail.
   647 | D:1      | 647 ||| DROPPING +0 leather armour.
   648 | D:1      | 648 ||| UPGRADING to +0 helmet.
   653 | D:1      | 653 ||| DROPPING ring of magical power.
   654 | D:1      | 654 ||| READING 3 scrolls labelled EMENKO SETI.
   654 | D:1      | 654 ||| IDENTIFYING white potion
   655 | D:1      | 655 ||| READING 2 scrolls of identify.
   655 | D:1      | 655 ||| IDENTIFYING fuming blue potion
   656 | D:1      | 656 ||| READING scroll of identify.
   656 | D:1      | 656 ||| IDENTIFYING 2 fizzy coppery potions
   657 | D:1      | 657 ||| READING scroll labelled CONEATRINIRO.
   658 | D:1      | 658 ||| READING scroll labelled TAD BYKLOCU.
   659 | D:1      | 659 ||| READING scroll labelled DOUSTR TUON.
   659 | D:1      | 659 ||| ENCHANTING +0 helmet.
   660 | D:1      | 660 ||| DRINKING 3 amethyst potions.
   764 | D:1      | 764 ||| DROPPING scroll of butterflies.
   765 | D:1      | 765 ||| DROPPING potion of ambrosia.
   766 | D:1      | 766 ||| DROPPING potion of attraction.
   767 | D:1      | 767 ||| DROPPING 2 potions of berserk rage.
  1046 | D:2      | Reached XP level 4. HP: 18/25 MP: 6/6
  1312 | D:2      | Found Sajiecrairgh's Antique Armour Boutique.
  1380 | D:2      | 1380 ||| READING scroll labelled ZEEHALL SUHIRPH.
  1381 | D:2      | 1381 ||| READING scroll labelled XEDDAYK ETASHRI.
  1381 | D:2      | 1381 ||| BRANDING +0 shortbow.
  1513 | D:3      | Reached skill level 8 in Ranged Weapons
  1774 | D:3      | 1774 ||| READING scroll of identify.
  1774 | D:3      | 1774 ||| IDENTIFYING red potion
  1775 | D:3      | 1775 ||| READING scroll labelled KYJIAP USTRILESCH.
  1776 | D:3      | 1776 ||| READING scroll labelled GUENTICW MADIHA.
  1778 | D:3      | 1778 ||| Stepping ~*~*~tactically~*~*~ (cloud).
  1785 | D:3      | HP: 6/25 [poisoned by you (poison gas)]
  2028 | D:4      | Noticed a scorpion
  2029 | D:4      | 2029 ||| ZAPPING wand of light (15) at -3,-1 (scorpion;
                  | floor).
  2030 | D:4      | 2030 ||| ZAPPING wand of light (14) at -2,-1 (scorpion;
                  | floor).
  2031 | D:4      | 2031 ||| ZAPPING wand of light (13) at -1,-1 (scorpion;
                  | floor).
  2031 | D:4      | Killed a scorpion
  2032 | D:4      | Reached XP level 5. HP: 27/29 MP: 7/7
  2099 | D:4      | Reached skill level 9 in Ranged Weapons
  2374 | D:4      | 2374 ||| READING scroll labelled YDO LEOFESUBB.
  2374 | D:4      | 2374 ||| ENCHANTING +0 heavy shortbow.
  2375 | D:4      | 2375 ||| READING 2 scrolls labelled JEFIHAO BIOBLE.
  2378 | D:4      | 2378 ||| READING scroll labelled JATEKKAFEI.
  2379 | D:4      | 2379 ||| DRINKING 2 lumpy sapphire potions.
  2426 | D:4      | 2426 ||| DROPPING potion of lignification.
  2434 | D:5      | Entered Level 5 of the Dungeon
  2434 | D:5      | Noticed a water moccasin
  2435 | D:5      | 2435 ||| PLANNING SEWER
  2436 | D:5      | 2436 ||| ZAPPING wand of light (12) at 2,-5 (water
                  | moccasin; floor).
  2437 | D:5      | 2437 ||| ZAPPING wand of light (11) at 2,-4 (water
                  | moccasin; floor).
  2438 | D:5      | 2438 ||| ZAPPING wand of light (10) at 3,-4 (water
                  | moccasin; floor).
  2439 | D:5      | 2439 ||| ZAPPING wand of light (9) at 3,-5 (water moccasin;
                  | floor).
  2440 | D:5      | 2440 ||| STAIRDANCE
  2447 | D:5      | 2447 ||| ZAPPING wand of light (8) at 0,1 (water moccasin;
                  | floor).
  2447 | D:5      | Killed a water moccasin
  2448 | D:5      | Reached skill level 3 in Fighting
  2448 | D:5      | Reached XP level 6. HP: 37/37 MP: 8/8
  2487 | D:5      | 2487 ||| RETREEEEATING.
  2489 | D:5      | 2489 ||| RETREEEEATING.
  2495 | D:5      | HP: 7/37 [gnoll/+0 halberd (4)]
  2496 | D:5      | 2496 ||| READING scroll of teleportation.
  2496 | D:5      | HP: 2/37 [gnoll/+0 spear (5)]
  2496 | D:5      | Mangled by a gnoll

Levels and vault maps discovered:
D:1:      dpeg_arrival_boxorama, layout_basic, minmay_3d_cube
D:2:      layout_rooms, serial_shops, nicolae_shop_rolling_square,
          kennysheep_generic_room_3
D:3:      layout_rooms
D:4:      layout_loops_ring
D:5:      layout_loops_cross, amcnicky_altar_gilded,
          mainiacjoe_sewer_entry_somewhere_in_here_2

Skill      XL: |  1  2  3  4  5 |
---------------+----------------+-----
Ranged Weapons | 6 7 8 9 |  9.7
Fighting       | 3 |  3.0
Dodging        | |  2.4
Stealth        | |  1.2

Action                     |  1- 3 |  4- 6 || total
---------------------------+-------+-------++-------
   Fire: Shortbow          |   131 |    72 ||   203
  Evoke: Wand              |       |     8 ||     8
    Use: Scroll            |     6 |     9 ||    15
         Potion            |     1 |     1 ||     2
 Armour: Leather armour    |     2 |       ||     2
         Ring mail         |    26 |    37 ||    63
  Dodge: Dodged            |    17 |    23 ||    40

Table legend:
 A = Non-vault XP
 B = Vault XP
 C = Vault XP percentage of total XP
 D = Non-vault monster count
 E = Vault monster count
 F = Vault count percentage of total count
                 A         B        C        D         E       F
            +---------+---------+-------+---------+---------+-------
      Total |     596 |       9 |   1.5 |      69 |       6 |   8.0
            +---------+---------+-------+---------+---------+-------
        D:1 |      54 |       9 |  14.3 |      30 |       6 |  16.7
        D:2 |      78 |       0 |   0.0 |      16 |       0 |   0.0
        D:3 |      30 |       0 |   0.0 |      12 |       0 |   0.0
        D:4 |     119 |       0 |   0.0 |       6 |       0 |   0.0
        D:5 |     315 |       0 |   0.0 |       5 |       0 |   0.0
            +---------+---------+-------+---------+---------+-------
